 Dungeon Crawl Stone Soup version 0.31-a0-345-g1ebeae05c6 (webtiles) character file.

Game seed: 12257938894930698291

1834941 jt the Metamorph (level 25, 242/242 HPs)
             Began as a Naga Shapeshifter on July 22, 2023.
             Was an Initiate of Gozag.
             Escaped with the Orb
             ... and 3 runes on July 23, 2023!
             The game lasted 03:20:10 (53144 turns).

jt the Metamorph (Naga Shapeshifter)               Turns: 53144, Time: 03:20:10

Health: 242/242    AC: 15    Str: 35    XL:     25   Next: 19%
Magic:  37/37      EV: 35    Int: 12    God:    Gozag
Gold:   5552       SH:  5    Dex: 12    Spells: 23/44 levels left

rFire   + .          .
                       - Unarmed
rCold   + + +        b - melded +1 buckler "Arisoth" {Dex+4}
rNeg    + . .        P - melded +2 robe {rN+}
rPois   ∞            L - melded +2 helmet
rElec   +            J - melded +2 cloak {Will+}
rCorr   .            g - melded +1 pair of gloves of the Villain {rElec rF+}
SInv    +            H - melded +2 barding {rF+}
Will    +++..        R - amulet "Monos" {Reflect Fragile +Inv rElec rC+++ SH+5}
Stlth   +            E - ring "Counn" {rF+ rN+ Str+3 SInv}
HPRegen 0.60/turn    A - +6 ring of strength
MPRegen 0.25/turn

%: random rage (3%), reflection
@: storm-form, flying, studying Spellcasting
A: cleaving, insubstantial, flying, reduced hp, AC +8, large, see invisible,
(deformed body), (poison resistance), (slowness 2), spit poison 1, (naga tail
2), (antennae 1), berserk 1
0: Orb of Zot
}: 3/15 runes: decaying, silver, gossamer
a: Spit Poison, Blinkbolt, Begin Untransformation, Renounce Religion, Evoke
Invisibility, Potion Petition, Call Merchant, Bribe Branch


You escaped.
You worshipped Gozag.
Gozag was greatly pleased with you.
You were a lightning-filled tempest!
You visited 9 branches of the dungeon, and saw 45 of its levels.
You also visited: Sewer, Gauntlet and Volcano.

You collected 23568 gold pieces.
You spent 7420 gold pieces at shops.
You paid 10596 gold pieces to Gozag.

Inventory:

Hand Weapons
 a - a +1 hand crossbow of flaming
 k - the +6 Majin-Bo {spellvamp, MP+6 Int+6}
   (You found it on level 3 of the Depths)

   Int:       It affects your intelligence (+6).
   MP:        It affects your magic capacity (+6).
 m - the +8 flail of Nemelex Xobeh's Esteem {pain, +Blink rPois Str-2 SInv}
   (You found it on level 7 of the Dungeon)

   Str:       It affects your strength (-2).
   rPois:     It protects you from poison.
   SInv:      It lets you see invisible.
   +Blink:    It lets you blink.
Missiles
 X - 3 curare-tipped darts
Armour
 b - the +1 buckler "Arisoth" (melded) {Dex+4}
   (You found it on level 7 of the Dungeon)

   Dex:       It affects your dexterity (+4).
 g - the +1 pair of gloves of the Villain (melded) {rElec rF+}
   (You found it on level 5 of the Vaults)

   rF:        It protects you from fire.
   rElec:     It insulates you from electricity.
 v - the +0 hat of Lightning Storm {-Tele rF+ MP+9 Slay+2}
   (You found it on level 5 of the Vaults)

   Slay:      It affects your accuracy & damage with ranged weapons and melee
   (+2).
   rF:        It protects you from fire.
   MP:        It affects your magic capacity (+9).
   -Tele:     It prevents most forms of teleportation.
 H - a +2 barding of fire resistance (melded)
 J - a +2 cloak of willpower (melded)
 L - a +2 helmet (melded)
 P - a +2 robe of positive energy (melded)
Jewellery
 A - a +6 ring of strength (right fist)
 E - the ring "Counn" (left fist) {rF+ rN+ Str+3 SInv}
   (You took it off a tengu reaver on level 5 of the Vaults)

   [ring of positive energy]

   Str:       It affects your strength (+3).
   rF:        It protects you from fire.
   rN:        It protects you from negative energy.
   SInv:      It lets you see invisible.
 M - a ring of resist corrosion
 R - the amulet "Monos" (around neck) {Reflect Fragile +Inv rElec rC+++ SH+5}
   (You found it in a Gauntlet)

   [amulet of reflection]

   It reflects blocked missile attacks.
   rC:        It renders you almost immune to cold.
   rElec:     It insulates you from electricity.
   +Inv:      It lets you turn invisible.
   Fragile:   It will be destroyed if unequipped.
   SH:        It affects your SH (+5).
Talismans
 D - a storm talisman
 V - a granite talisman
Wands
 c - a wand of iceblast (15)
 d - a wand of mindburst (11)
 n - a wand of light (29)
 t - a wand of flame (79)
 B - a wand of digging (21)
 F - a wand of polymorph (24)
 U - a wand of charming (15)
Scrolls
 f - 4 scrolls of summoning
 h - 13 scrolls of teleportation
 l - 7 scrolls of blinking
 o - 7 scrolls of vulnerability
 s - 6 scrolls of fear
 u - 4 scrolls of silence
 x - 9 scrolls of fog
 K - 4 scrolls of immolation
 O - 7 scrolls of revelation
 Q - 5 scrolls of poison
Potions
 e - 10 potions of mutation
 i - 6 potions of cancellation
 j - 6 potions of ambrosia
 p - 25 potions of curing
 w - 7 potions of brilliance
 z - 3 potions of haste
 C - 3 potions of resistance
 G - 6 potions of magic
 I - a potion of berserk rage
 N - 4 potions of enlightenment
 S - 3 potions of invisibility
 T - 8 potions of heal wounds
 Y - 7 potions of might
Miscellaneous
 q - a lightning rod (4/4)
 r - a phial of floods
 y - a phantom mirror
 W - a sack of spiders


   Skills:
 - Level 19.5 Fighting
 - Level 5.0 Armour
 - Level 15.1 Dodging
 - Level 4.0 Stealth
 - Level 8.0 Shields
 - Level 19.7 Unarmed Combat
 - Level 10.0 Spellcasting
 + Level 5.8 Conjurations
 - Level 10.0 Translocations
 - Level 5.0 Transmutations
 - Level 1.0 Air Magic
 - Level 10.0 Poison Magic
 - Level 5.0 Evocations
 + Level 20.7 Shapeshifting


You had 23 spell levels left.
You knew the following spells:

 Your Spells              Type           Power      Damage    Failure   Level
a - Poisonous Vapours     Pois/Air       38%        N/A       1%          2
b - Olgreb's Toxic Radia  Pois           30%        N/A       1%          4
c - Wereblood             Tmut           18%        N/A       2%          2
d - Iskenderun's Mystic   Conj/Tloc      24%        2d7       4%          4
e - Apportation           Tloc           60%        N/A       1%          1
f - Manifold Assault      Tloc           30%        N/A       1%          4
g - Passage of Golubria   Tloc           30%        N/A       1%          4

Your spell library contained the following spells:

 Spells                   Type           Power      Damage    Failure   Level
 Magic Dart               Conj           80%        1d7       1%          1
 Sting                    Tmut/Pois      96%        1d7       1%          1
 Searing Ray              Conj           40%        2d5       1%          2
 Mephitic Cloud           Conj/Pois/Air  19%        N/A       3%          3
 Static Discharge         Conj/Air       28%        2-4/arc   4%          2
 Portal Projectile        Hex/Tloc       36%        N/A       4%          3
 Volatile Blastmotes      Fire/Tloc      36%        2d13      4%          3
 Dazzling Flash           Conj/Hex       24%        N/A       11%         3
 Hailstorm                Conj/Ice       12%        3d5       11%         3
 Stone Arrow              Conj/Erth      24%        3d8       11%         3
 Freeze                   Ice            24%        1d4       12%         1
 Necrotise                Necr           24%        1d5       12%         1
 Summon Small Mammal      Summ           24%        N/A       12%         1
 Call Imp                 Summ           12%        N/A       19%         2
 Ensorcelled Hibernation  Hex/Ice        12%        N/A       19%         2
 Iskenderun's Battlesphe  Conj           20%        2d7       30%         5
 Dispersal                Tloc           15%        N/A       30%         6
 Call Canine Familiar     Summ           6%         N/A       34%         3
 Frozen Ramparts          Ice            12%        1d2       34%         3
 Inner Flame              Hex/Fire       6%         N/A       34%         3
 Ozocubu's Armour         Ice            6%         N/A       34%         3
 Tukima's Dance           Hex            6%         N/A       34%         3
 Flame Wave               Conj/Fire      12%        2d6       36%         4
 Fulminant Prism          Conj/Hex       6%         3d6       36%         4
 Sticky Flame             Conj/Fire      12%        2d4       36%         4
 Irradiate                Conj/Tmut      9%         3d14      36%         5
 Airstrike                Air            4%         2d(1-17)  61%         4
 Summon Lightning Spire   Summ/Air       7%         N/A       67%         4
 Fireball                 Conj/Fire      6%         3d5       71%         5
 Anguish                  Hex/Necr       3%         N/A       75%         4
 Animate Armour           Summ/Erth      12%        N/A       75%         4
 Leda's Liquefaction      Hex/Erth       3%         N/A       75%         4
 Yara's Violent Unravell  Hex/Tmut       6%         3d5       75%         5
 Freezing Cloud           Conj/Ice/Air   5%         6-21      78%         5
 Conjure Ball Lightning   Conj/Air       7%         3x3d6     99%         6
 Starburst                Conj/Fire      6%         6d4       99%         6
 Enfeeble                 Hex            3%         N/A       100%        7
 Haunt                    Necr/Summ      3%         N/A       100%        7
 Orb of Destruction       Conj           10%        9d6       100%        7
 Ozocubu's Refrigeration  Ice            3%         4d8       100%        7
 Discord                  Hex            3%         N/A       100%        8
 Disjunction              Tloc           15%        N/A       100%        8
 Infestation              Necr           3%         N/A       100%        8
 Lehudib's Crystal Spear  Conj/Erth      6%         10d3      100%        8
 Maxwell's Capacitive Co  Air            4%         ∞         100%        8
 Dragon's Call            Summ           3%         N/A       100%        9
 Animate Dead             Necr           Unusable   N/A       N/A         4

Dungeon Overview and Level Annotations

Branches:
Dungeon (15/15)            Temple (1/1) D:5            Lair (5/5) D:8
  Swamp (4/4) Lair:2       Spider (4/4) Lair:3        Slime (0/5) Lair:4
    Orc (2/2) D:10            Elf (0/3) Orc:2        Vaults (5/5) D:13
  Crypt (0/3) Vaults:3     Depths (4/4) D:15            Zot (5/5) Depths:4
  Sewer (visited)         Volcano (visited)         Gauntlet (visited)

Altars:
Ashenzari
Cheibriados
Dithmenos
Elyvilon
Fedhas
Gozag
Hepliaklqana
Kikubaaqudgha
Makhleb
Nemelex Xobeh
Okawaru
Qazlal
Ru
Sif Muna
Trog
Uskayaw
Vehumet
Wu Jian
Xom
Yredelemnul
Zin
The Shining One

Shops:
D:8 :   D:9 (*=?   D:10 *   D:11 [?*   D:12 ==!(   D:13 :(   D:14 [   D:15 *
Orc:2 [=?[   Vaults:1 *   Vaults:4 ??[

Portals:
Hell: Depths:1 Depths:2 Depths:3 Depths:4
Abyss: D:8 Depths:2 Depths:3
Pandemonium: Depths:2 Depths:3
Ziggurat: Depths:4
Trove: Vaults:3 (give 19 potions of curing)

Annotations:
D:8 2 transporters, FlatIsJustice's ghost, novice DEFE
D:9 2 transporters, Glaciallarry's ghost, novice TrSh
Spider:2 Donald
Zot:2 3 runed translucent doors, runemage's ghost, legendary GnFi


Innate Abilities, Weirdness & Mutations

You are a lightning-filled tempest!
Your electrical attacks strike out in all directions at once.
You are incredibly evasive.
Your insubstantial body is immune to petrification, constriction, and being set on fire You are flying.
Your maximum health is decreased, since you lack skill for your form.
Your armour is entirely melded.
You are incapable of wielding weapons or throwing items.
((Your serpentine skin is tough. (AC +8)))
You are immune to poison.
You have supernaturally acute eyesight. (SInv)
((Armour fits poorly on your strangely shaped body.))
((Your system is resistant to poisons. (rPois)))
((You cover ground very slowly.))
You can spit poison.
((You can use your snake-like lower body to constrict enemies.))
((You have a pair of small antennae on your head.))
You sometimes lose your temper in combat.


Message History

The Executioner completely misses you. The Executioner misses you.
The Executioner completely misses you.
You closely miss the Executioner. You punch the Executioner!!
The Executioner is severely wounded.
The Executioner hits you but does no damage.
The Executioner misses you. The Executioner barely misses you.
You completely miss the Executioner.
The Executioner is severely wounded.
The Executioner hits you!! The Executioner misses you.
You block the Executioner's attack. The Executioner completely misses you.
The Executioner hits you but does no damage.
The Executioner completely misses you.
You batter the Executioner!!
You kill the Executioner!
You fly upwards.
An Orb Guardian comes into view.
There is a stone staircase leading down here.
There is a stone staircase leading up here.
You fly upwards.
There is a stone staircase leading down here.
(D) Dungeon (T) Temple (L) Lair (S) Swamp (N) Spider Nest (M) Slime Pits (O) Orcish Mines (E) Elven Halls (V) Vaults (C) Crypt (U) Depths (H) Hell (Z) Zot
Where to? (Enter - D:1 @ (x,y), ? - help)
What level of the Dungeon? (default 1, ? - help)
Your extra speed is starting to run out.
You feel yourself slow down.
HP restored.
There is a stone staircase leading up here.
You fly upwards.
There is a stone staircase leading down here.
A tormentor comes into view.
Blink to where?
Press: ? - help, Dir - move target
As you read the scroll of blinking, it crumbles to dust.
Blink to where?
Press: ? - help, Dir - move target
As you read the scroll of blinking, it crumbles to dust.
You have escaped!

......'..........................
......####...#.#######.#...##.#>.
.....## #.........# #........##.
....## #.###.###.#######.......
...## ##.###........# #..#####
#'## #...##.###########..#....
#.### #......#.....#......#....
....### #...####.....'.###..#....
......# ##.## #v.8..#.# #..#.[..
....#.# #.#####.....+.# #..#....
....#.####.....#.....### ##.###'#
>..........########### #......
#.#.#.###### ####### #.#.#.# #
#.#.#.# # ......# #.#####


There were no monsters in sight!

Vanquished Creatures
  A dread lich (Zot:5)
  Mara (Depths:2)
  An ancient lich (Depths:3)
  An orb of fire (Zot:3)
  A juggernaut (Depths:2)
  A pandemonium lord (Zot:4)
  Josephina (Zot:1)
  Boris (twice) (Vaults:5 Depths:3)
  Vv (Depths:2)
  Bai Suzhen (Vaults:5)
  A curse toe (Zot:3)
  Nikola (Spider:4)
  5 caustic shrikes (Depths:1)
  11 golden dragons
  The ghost of Qotsoore the Warrior, an adept DsFi of Okawaru (Vaults:3)
  Arachne (Spider:4)
  An electric golem (Zot:1)
  2 hellephants (Depths:3)
  2 bone dragons (Depths:4)
  A Tzitzimitl (Depths:2)
  A doom hound (Depths:3)
  Zenata (Vaults:1)
  13 tentacled monstrosities
  Mlioglotl (Spider:3)
  13 Orb Guardians
  A deep elf master archer (Depths:3)
  5 quicksilver dragons
  A deep elf blademaster (Depths:3)
  7 liches
  An Executioner (D:4)
  6 death cobs
  5 sphinxes
  Agnes (Spider:4)
  The ghost of bmj180 the Severer, an adept HOFi of the Shining One (Swamp:1)
  14 storm dragons
  Frances (D:13)
  6 tengu reavers
  9 shadow dragons
  The ghost of KimchiStew the Spry, an adept MfGl of Gozag (Swamp:1)
  2 thorn hunters
  2 draconian monks
  Aizul (Depths:2)
  3 draconian knights
  6 fire giants
  A draconian scorcher (Depths:3)
  5 emperor scorpions
  8 frost giants
  Louise (Swamp:4)
  12 vault wardens
  2 iron dragons
  3 ghost moths
  2 balrugs
  7 orc warlords
  2 cacodemons (Depths:2)
  2 draconian shifters (Zot:4)
  12 ironbound preservers
  A demonspawn corrupter (Depths:1)
  3 broodmothers
  A reaper (Depths:1)
  A draconian stormcaller (Depths:4)
  A draconian annihilator (Zot:5)
  32 very ugly things
  13 stone giants
  4 war gargoyles
  4 ironbound thunderhulks
  A formless jellyfish (Vaults:4)
  An eleionoma (Swamp:1)
  8 green draconians
  4 demonspawn black suns
  5 black draconians
  8 dire elephants
  5 purple draconians
  6 bunyips
  A spark wasp (Spider:2)
  An eidolon (Vaults:3)
  4 white draconians
  3 yellow draconians
  A red draconian (Depths:4)
  8 ettins
  A minotaur (Gauntlet)
  Snorg (D:13)
  2 deep elf death magi
  A shambling mangrove (Swamp:4)
  3 great orbs of eyes
  2 rakshasas (Depths:3)
  12 fire dragons
  3 entropy weavers
  A jiangshi (Vaults:3)
  6 yaktaur captains
  A spriggan zombie (D:15)
  A crystal guardian (Vaults:3)
  10 ice dragons
  Erolcha (D:12)
  Fannar (D:10)
  3 hell beasts
  29 vault guards
  14 hydras
  4 peacekeepers
  A catoblepas (Lair:3)
  2 ghost crabs
  An ogre mage (Vaults:5)
  A merfolk avatar (Lair:5)
  A radroach (Spider:1)
  6 two-headed ogres
  28 centaur warriors
  8 alligators
  A death knight (D:14)
  8 ironbound frosthearts
  A two-headed ogre (shapeshifter) (Vaults:5)
  7 boulder beetles
  7 spriggan air magi
  A hell hog (Volcano)
  4 deep troll shamans
  A satyr (shapeshifter) (D:13)
  A titan zombie (Depths:2)
  3 orc high priests
  5 vampire magi
  3 demonic crawlers
  A deep troll earth mage (Depths:3)
  5 tengu warriors
  4 soul eaters
  Urug (Lair:2)
  7 spriggan berserkers
  3 sun demons
  A hell knight (Depths:2)
  An iron troll (Depths:2)
  4 goliath frogs
  5 skeletal warriors
  5 pharaoh ants
  A skyshark (Lair:4)
  4 sixfirhies
  37 deep trolls
  A tengu zombie (D:15)
  2 spriggan druids (Swamp:3)
  5 glowing orange brains
  10 lindwurms
  10 orb spiders
  A flayed ghost (Depths:1)
  8 wizards
  10 swamp dragons
  17 ironbound convokers
  2 phantasmal warriors
  A shadow dragon zombie (Depths:2)
  9 necromancers
  4 orc knights
  4 orc sorcerers (Orc:2)
  9 steelbarb worms
  A shadow dragon skeleton (Depths:2)
  16 wolf spiders
  2 stone giant zombies
  6 harpies
  5 manticores
  34 ugly things
  9 cyclopes
  3 will-o-the-wisps
  2 fire giant zombies
  2 salamanders
  A tengu skeleton (Depths:2)
  15 moths of wrath
  14 elephants
  An iron dragon skeleton (Depths:2)
  Maurice (D:13)
  A fire giant skeleton (Depths:2)
  A water nymph (shapeshifter) (D:13)
  A molten gargoyle (Depths:1)
  3 black mambas
  An orange demon (Depths:2)
  15 vault sentinels
  4 torpor snails
  A gargoyle (D:10)
  21 cane toads
  6 smoke demons
  2 hellions
  4 rime drakes
  27 yaktaurs
  A tormentor (Depths:3)
  2 ice devils (Depths:3)
  17 komodo dragons
  3 freezing wraiths
  A guardian mummy (Vaults:3)
  2 efreet
  6 tengu conjurers
  8 trolls
  A spark wasp simulacrum (Depths:2)
  3 hellwings (Depths:2)
  A human skeleton (Vaults:3)
  A golden dragon simulacrum (Zot:1)
  3 meliai (Spider:4)
  A bloated husk (Swamp:3)
  A troll (shapeshifter) (Depths:4)
  5 tyrant leeches
  15 hornets
  7 polar bears
  A snapping turtle (Lair:5)
  3 wind drakes (Lair:5)
  20 tarantellas
  14 blink frogs
  6 dream sheep
  23 slime creatures
  2 stone giant simulacra
  23 jumping spiders
  18 culicivoras
  7 shadows
  3 wraiths
  10 spriggans
  4 wyverns
  80 yaks
  2 ynoxinuls
  7 basilisks
  A fire bat (Volcano)
  3 golden eyes
  7 vampire mosquitoes (D:14)
  6 steam dragons
  A redback (shapeshifter) (Vaults:4)
  2 fire elementals (Gauntlet)
  A human (shapeshifter) (Vaults:5)
  A white draconian simulacrum (Zot:1)
  56 redbacks
  A chaos spawn (Depths:2)
  2 wargs
  Menkaure (D:5)
  10 swamp worms
  An acid dragon (D:9)
  24 water moccasins
  Duvessa (D:7)
  5 hell hounds
  3 moth of wrath simulacra (Zot:1)
  28 orc warriors
  6 swamp drakes
  2 black bears
  A human zombie (Vaults:3)
  2 sky beasts
  An ice beast (D:6)
  8 ogres
  7 boggarts
  7 centaurs
  9 wolves
  4 kobold brigands
  2 phantoms
  16 bullfrogs
  A gnoll sergeant (D:11)
  5 scorpions
  2 glowing shapeshifter simulacra (Vaults:3)
  Dowan (D:7)
  5 wights (D:10)
  12 killer bees
  4 howler monkeys
  2 vampire bats (Orc:2)
  4 electric eels
  2 crimson imps (Gauntlet)
  A gnoll bouda (Orc:1)
  4 hounds
  A jelly (D:6)
  32 orc priests
  A sleepcap (D:6)
  3 iguanas
  39 orc wizards
  A hell rat (Sewer)
  12 gnolls
  11 adders
  4 river rats
  2 shadow imps
  7 white imps
  4 ufetubi (Gauntlet)
  A worm (D:2)
  A dart slug (D:2)
  60 orcs
  12 bats
  9 endoplasms
  7 giant cockroaches
  3 hobgoblins
  3 jackals (D:1)
  3 quokkas
  4 ball pythons
  6 frilled lizards
  9 goblins
  24 kobolds
  10 rats
1701 creatures vanquished.

Vanquished Creatures (collateral kills)
  2 dread liches (Zot:5)
  An ancient lich (Zot:5)
  A Killer Klown (Zot:5)
  A golden dragon (Zot:5)
  An electric golem (Zot:5)
  A tentacled monstrosity (Vaults:5)
  2 Orb Guardians (Zot:5)
  A quicksilver dragon (Vaults:5)
  A shadow dragon (Vaults:5)
  2 storm dragons
  2 tengu reavers (Vaults:5)
  An emperor scorpion (Spider:4)
  A ghost moth (Spider:4)
  A vault warden (Vaults:5)
  2 frost giants (Vaults:5)
  An ironbound preserver (Vaults:5)
  An ettin (Vaults:5)
  A deep elf high priest (Vaults:5)
  A yaktaur captain (Vaults:5)
  9 vault guards (Vaults:5)
  A dancing weapon (Vaults:5)
  An orc knight (Vaults:5)
  A moth of wrath (Zot:5)
  A vault sentinel (Vaults:5)
  A yaktaur (Vaults:5)
  A redback (shapeshifter) (Vaults:5)
  An orc warrior (Vaults:5)
  An orc priest (Vaults:5)
41 creatures vanquished.

Vanquished Creatures (others)
  2 dread liches (Zot:5)
  2 orbs of fire (Zot:5)
  3 ancient liches
  Sojobo (Vaults:5)
  A pandemonium lord (Zot:5)
  2 Killer Klowns (Zot:5)
  An electric golem (Zot:5)
  3 tentacled monstrosities (Vaults:5)
  12 Orb Guardians (Zot:5)
  A titan (Vaults:5)
  A sphinx (Vaults:5)
  A shadow dragon (Vaults:5)
  A tengu reaver (Vaults:5)
  A frost giant (Vaults:5)
  2 vault wardens (Vaults:5)
  A ghost moth (Zot:5)
  An angel (Zot:5)
  An emperor scorpion (Spider:4)
  An ironbound preserver (Vaults:5)
  2 stone giants (Vaults:5)
  A deep elf annihilator (Vaults:5)
  2 ettins (Vaults:5)
  A deep elf death mage (Vaults:5)
  A yaktaur captain (Vaults:5)
  4 vault guards (Vaults:5)
  A hydra (Swamp:4)
  A two-headed ogre (Vaults:5)
  2 ironbound convokers (Vaults:5)
  A moth of wrath (Zot:5)
  A yaktaur (Vaults:5)
  A bloated husk (Swamp:1)
  A hornet (Swamp:1)
  A hellwing (Zot:5)
  A dream sheep (shapeshifter) (Vaults:5)
  2 spriggans (Swamp:1)
  A large abomination (Zot:5)
  An ogre (Vaults:5)
  An orc priest (Orc:2)
  A gnoll (Orc:1)
  13 foxfires
  A spectral weapon (Zot:5)
79 creatures vanquished.

Grand Total: 1821 creatures vanquished

Notes
Turn   | Place    | Note
-------+----------+-------------------------------------------
     0 | D:1      | jt the Naga Shapeshifter began the quest for the Orb.
     0 | D:1      | Reached XP level 1. HP: 18/18 MP: 1/1
    61 | D:1      | Reached skill level 1 in Stealth
   183 | D:1      | Reached XP level 2. HP: 25/25 MP: 2/2
   925 | D:2      | Reached XP level 3. HP: 17/31 MP: 3/3
  1409 | D:2      | Reached XP level 4. HP: 27/38 MP: 4/4
  1899 | D:3      | Noticed a centaur
  1914 | D:3      | Killed a centaur
  1915 | D:3      | Reached XP level 5. HP: 10/45 MP: 5/5
  2151 | D:3      | Identified the +1 dagger of the Pit {venom, *Noise rPois
                  | Dex+3}
  2626 | D:4      | Noticed a sky beast
  2646 | D:4      | Killed a sky beast
  2647 | D:4      | Reached XP level 6. HP: 21/55 MP: 6/6
  2789 | D:4      | Found a stormy altar of Qazlal.
  3097 | D:4      | Reached skill level 4 in Shapeshifting
  3097 | D:4      | Reached XP level 7. HP: 26/62 MP: 7/7
  3234 | D:5      | Entered Level 5 of the Dungeon
  3306 | D:5      | Found an ornate altar of the Wu Jian Council.
  3365 | D:5      | Noticed Menkaure
  3371 | D:5      | Killed Menkaure
  3409 | D:5      | Found a staircase to the Ecumenical Temple.
  3424 | Temple   | Entered the Ecumenical Temple
  3441 | Temple   | Became a worshipper of Gozag Ym Sagoz the Greedy
  3593 | D:5      | Found a glowing drain.
  3597 | Sewer    | Entered a sewer
  4326 | D:5      | Reached skill level 5 in Unarmed Combat
  4918 | D:6      | Reached XP level 8. HP: 50/72 MP: 8/8
  5078 | D:6      | Found a broken altar of Ashenzari.
  5802 | D:6      | Found a burning altar of Makhleb.
  6074 | D:6      | Reached skill level 5 in Shapeshifting
  6311 | D:6      | Reached skill level 5 in Fighting
  6588 | D:6      | Noticed a shadow
  6593 | D:6      | Killed a shadow
  6662 | D:6      | Found a sparkling altar of Nemelex Xobeh.
  6662 | D:6      | Found a transporter.
  6662 | D:6      | Noticed a cyclops
  6663 | D:6      | Noticed a two-headed ogre
  6681 | D:6      | Killed a two-headed ogre
  6682 | D:6      | Reached skill level 5 in Dodging
  6682 | D:6      | Reached XP level 9. HP: 82/82 MP: 9/9
  6687 | D:6      | Killed a cyclops
  6812 | D:6      | Reached skill level 6 in Shapeshifting
  6995 | D:7      | Identified the +8 flail of Nemelex Xobeh's Esteem {pain,
                  | +Blink rPois Str-2 SInv}
  7218 | D:7      | Identified the orb of the Valley of Death {*channel, rF+
                  | rN+ Str-2 SInv}
  7232 | D:7      | Identified the +1 buckler "Arisoth" {Dex+4}
  7390 | D:7      | Noticed Dowan
  7391 | D:7      | Noticed Duvessa
  7519 | D:8      | Reached XP level 10. HP: 51/92 MP: 7/10
  7624 | D:8      | Reached skill level 7 in Shapeshifting
  7792 | D:8      | Found a staircase to the Lair.
  8020 | D:8      | Found a transporter.
  8022 | D:8      | Found a one-way gate to the infinite horrors of the Abyss.
  8022 | D:8      | Noticed a rakshasa
  8022 | D:8      | Noticed FlatIsJustice's ghost (novice DEFE)
  8086 | D:8      | Reached skill level 8 in Shapeshifting
  8090 | D:8      | Found a transporter.
  8144 | D:8      | Noticed a toenail golem
  8609 | D:8      | Found Heiggaak's Book Boutique.
  8837 | D:8      | Reached skill level 9 in Shapeshifting
  8987 | D:9      | Found Gaserhad's Assorted Antiques.
  8997 | D:9      | Bought a runed helmet for 210 gold pieces
  8997 | D:9      | Bought a brown potion for 25 gold pieces
  8997 | D:9      | Bought a gold wand for 112 gold pieces
  9011 | D:9      | Bought a knobbly steel ring for 140 gold pieces
  9044 | D:9      | Found Yxabruy's Magic Scroll Emporium.
  9185 | D:9      | Found a shimmering blue altar of Sif Muna.
  9197 | D:9      | Bought a scroll of immolation for 48 gold pieces
  9197 | D:9      | Bought a scroll of revelation for 90 gold pieces
  9275 | D:9      | Noticed a moth of wrath
  9282 | D:9      | Found a transporter.
  9286 | D:9      | Found a transporter.
  9287 | D:9      | Found a bloodstained altar of Trog.
  9287 | D:9      | Noticed Glaciallarry's ghost (novice TrSh)
  9312 | D:9      | Noticed a tengu warrior
  9313 | D:9      | Noticed a two-headed ogre
  9438 | D:9      | Reached XP level 11. HP: 41/100 MP: 4/11
  9609 | D:9      | Found Qiqes's Antique Weapon Boutique.
  9673 | D:9      | Found Koshrina's Jewellery Boutique.
  9751 | Lair:1   | Entered Level 1 of the Lair of Beasts
  9981 | Lair:1   | Reached skill level 1 in Armour
 10598 | Lair:1   | Reached skill level 10 in Shapeshifting
 11119 | D:9      | Bought a ring of protection from fire for 400 gold pieces
 11147 | D:10     | Entered Level 10 of the Dungeon
 11227 | D:10     | Found a staircase to the Orcish Mines.
 11252 | D:10     | Found a snail-covered altar of Cheibriados.
 11403 | D:10     | Identified the +10 hand axe of Karma {speed, rF- rCorr
                  | Dex+3}
 11416 | D:10     | Found Xakeryev's Assorted Antiques.
 11423 | D:10     | Bought a scroll of teleportation for 54 gold pieces
 11423 | D:10     | Bought a potion of heal wounds for 90 gold pieces
 11423 | D:10     | Bought a long wooden wand for 72 gold pieces
 11423 | D:10     | Bought a potion of curing for 54 gold pieces
 11466 | D:10     | Noticed Fannar
 11482 | D:10     | Killed Fannar
 11483 | D:10     | Reached XP level 12. HP: 106/112 MP: 10/12
 11717 | D:10     | Reached skill level 1 in Evocations
 11815 | D:10     | Found a glowing silver altar of Zin.
 12715 | Lair:2   | Reached skill level 10 in Unarmed Combat
 12973 | Lair:2   | Noticed Urug
 12983 | Lair:2   | Killed Urug
 13095 | Lair:2   | Found a staircase to the Swamp.
 13152 | Lair:2   | Reached skill level 10 in Fighting
 13164 | Lair:2   | Reached skill level 11 in Shapeshifting
 13172 | Lair:2   | Gained mutation: You can use your snake-like lower body to
                  | constrict enemies. [Naga growth]
 13172 | Lair:2   | Reached XP level 13. HP: 112/123 MP: 13/13
 13351 | Lair:2   | Learned a level 2 spell: Poisonous Vapours
 13438 | Lair:3   | Reached skill level 1 in Poison Magic
 13445 | Lair:3   | Reached skill level 1 in Spellcasting
 14086 | Orc:1    | Entered Level 1 of the Orcish Mines
 14204 | D:11     | Found a hide-covered altar of Uskayaw.
 14210 | D:11     | Found Tatteoh's Assorted Antiques.
 14221 | D:11     | Reached skill level 1 in Air Magic
 14519 | D:11     | Found Nisig's Armour Shop.
 14635 | D:11     | Found Woj Qexi's Magic Scroll Shoppe.
 14638 | D:11     | Bought a scroll of acquirement for 572 gold pieces
 14638 | D:11     | Bought a scroll of revelation for 82 gold pieces
 14638 | D:11     | Bought a scroll of immolation for 44 gold pieces
 14638 | D:11     | Bought a scroll of teleportation for 33 gold pieces
 14638 | D:11     | Bought a scroll of immolation for 44 gold pieces
 14638 | D:11     | Bought a scroll of identify for 22 gold pieces
 14639 | D:11     | Bought a scroll of identify for 22 gold pieces
 14642 | D:11     | Acquired a +1 barding of fire resistance
 14854 | D:12     | Found a gate leading to a gauntlet.
 14881 | Gauntlet | Entered a Gauntlet
 14881 | Gauntlet | Found a transporter.
 14884 | Gauntlet | Found a transporter.
 14888 | Gauntlet | Found a transporter.
 14896 | Gauntlet | Found a transporter.
 14900 | Gauntlet | Found a transporter.
 14904 | Gauntlet | Found a runed translucent door.
 14904 | Gauntlet | Found a runed translucent door.
 14908 | Gauntlet | Found a transporter.
 14912 | Gauntlet | Found a transporter.
 14920 | Gauntlet | Found a transporter.
 14924 | Gauntlet | Found a transporter.
 14932 | Gauntlet | Found a transporter.
 14953 | Gauntlet | Found a transporter.
 14965 | Gauntlet | Found a transporter.
 14977 | Gauntlet | Found a transporter.
 14989 | Gauntlet | Found a transporter.
 15196 | Gauntlet | Identified the amulet "Monos" {Reflect Fragile +Inv rElec
                  | rC+++ SH+5}
 15222 | Gauntlet | Noticed a minotaur
 15230 | Gauntlet | Killed a minotaur
 15671 | D:12     | Found Suosare's Jewellery Emporium.
 15674 | D:12     | Found Icuuby's Jewellery Shoppe.
 15689 | D:12     | Found Jegoger's Distillery.
 15726 | D:12     | Bought a potion of heal wounds for 70 gold pieces
 15726 | D:12     | Bought 2 potions of curing for 84 gold pieces
 15726 | D:12     | Bought a potion of cancellation for 112 gold pieces
 15729 | D:12     | Bought a potion of berserk rage for 70 gold pieces
 15729 | D:12     | Bought a potion of might for 56 gold pieces
 15741 | D:12     | Reached skill level 12 in Shapeshifting
 15818 | D:12     | Found Teler's Weapon Shop.
 15838 | D:12     | Noticed Erolcha
 15842 | D:12     | Killed Erolcha
 16254 | Orc:1    | Noticed an orc warlord
 16269 | Orc:1    | Killed an orc warlord
 16444 | Orc:1    | Reached XP level 14. HP: 123/133 MP: 17/17
 16674 | Orc:1    | Found a shimmering altar of Xom.
 16730 | Orc:2    | Entered Level 2 of the Orcish Mines
 17024 | Orc:2    | Found a burning altar of Makhleb.
 17053 | Orc:2    | Found a dark tunnel.
 17099 | Volcano  | Entered a volcano
 17117 | Volcano  | Reached skill level 13 in Shapeshifting
 17329 | Volcano  | Identified the +0 pair of gloves of the Sun {Rampage MP+9
                  | Int-4 Stlth-}
 18614 | Lair:3   | Found a hole to the Spider Nest.
 19337 | Lair:4   | Reached skill level 14 in Shapeshifting
 20065 | Lair:4   | Found a staircase to the Slime Pits.
 20347 | Lair:4   | You fall into a shaft and drop 1 floor!
 20347 | Lair:5   | Entered Level 5 of the Lair of Beasts
 20584 | Lair:5   | Reached skill level 15 in Shapeshifting
 20893 | Lair:4   | Acquired 1359 gold pieces
 21044 | D:9      | Bought a granite talisman for 1280 gold pieces
 21195 | Lair:5   | Reached XP level 15. HP: 141/141 MP: 18/18
 21217 | Lair:4   | Learned a level 4 spell: Olgreb's Toxic Radiance
 21396 | Lair:5   | Reached skill level 5 in Poison Magic
 22003 | Lair:5   | Found the +12 pair of quick blades "Gyre" and "Gimble"
                  | {protect}
 22019 | Lair:5   | Identified the +1 robe of Peexumm {rN+ Dex+3}
 22120 | Spider:1 | Entered Level 1 of the Spider Nest
 22123 | Spider:1 | Noticed an emperor scorpion
 22184 | Lair:3   | Killed an emperor scorpion
 22425 | Spider:1 | Identified the +0 leather armour "Jorchuo" {Drain rN+ Will+
                  | Dex+3}
 22804 | Spider:2 | Noticed Donald
 23064 | Spider:2 | Learned a level 2 spell: Wereblood
 23462 | Spider:3 | Reached XP level 16. HP: 152/152 MP: 16/20
 23923 | Spider:3 | Noticed Mlioglotl
 23933 | Spider:3 | Killed Mlioglotl
 24369 | Spider:4 | Entered Level 4 of the Spider Nest
 24408 | Spider:4 | Reached skill level 16 in Shapeshifting
 24415 | Spider:4 | Reached skill level 1 in Transmutations
 24707 | Spider:4 | Noticed Agnes
 24715 | Spider:4 | Killed Agnes
 24811 | Spider:4 | Noticed Nikola
 24824 | Spider:4 | Killed Nikola
 24825 | Spider:4 | Reached skill level 10 in Poison Magic
 24957 | Spider:4 | Noticed Arachne
 24965 | Spider:4 | Killed Arachne
 25651 | Spider:4 | Reached XP level 17. HP: 164/164 MP: 7/21
 25668 | Spider:4 | Got a gossamer rune of Zot
 26084 | Orc:2    | Found a staircase to the Elven Halls.
 26094 | Orc:1    | Found a bloodstained altar of Trog.
 26398 | Orc:2    | Reached skill level 1 in Shields
 26828 | Orc:2    | Found Dyrufulo's Magic Scroll Boutique.
 26828 | Orc:2    | Found Lyasobb's Antique Armour Boutique.
 26829 | Orc:2    | Found Wiph's Jewellery Shop.
 26834 | Orc:2    | Found Boykhlac's Antique Armour Shop.
 26842 | Orc:2    | Bought an embroidered cloak for 225 gold pieces
 26845 | Orc:2    | Bought a runed cloak for 225 gold pieces
 26860 | Orc:2    | Bought an embroidered scarf for 272 gold pieces
 27173 | Swamp:1  | Entered Level 1 of the Swamp
 27214 | Swamp:1  | Found a runed translucent gate.
 27214 | Swamp:1  | Found a runed translucent gate.
 27214 | Swamp:1  | Found a runed translucent gate.
 27498 | Swamp:1  | Noticed KimchiStew's ghost (adept MfGl)
 27498 | Swamp:1  | Noticed bmj180's ghost (adept HOFi)
 27791 | Swamp:1  | Killed bmj180's ghost
 27792 | Swamp:1  | Reached skill level 5 in Shields
 27803 | Swamp:1  | Killed KimchiStew's ghost
 28792 | Swamp:3  | Identified the amulet "Uvudoho" {rPois rC+ rN+ Will-
                  | Regen+}
 29037 | Swamp:4  | Entered Level 4 of the Swamp
 29045 | Swamp:4  | Noticed Louise
 29059 | Swamp:4  | Killed Louise
 29771 | Swamp:4  | Got a decaying rune of Zot
 30337 | D:13     | Reached XP level 18. HP: 174/174 MP: 22/22
 30389 | D:13     | Noticed Maurice
 30395 | D:13     | Killed Maurice
 30402 | D:13     | Found Luska's Self-Improvement Boutique.
 30423 | D:13     | Bought a manual of Spellcasting for 1120 gold pieces
 30531 | D:13     | Found Japigunn's Antique Weapon Shop.
 30553 | D:13     | Noticed Frances
 30560 | D:13     | Killed Frances
 30798 | D:13     | Noticed Snorg
 30804 | D:13     | Killed Snorg
 30890 | D:13     | Found a gate to the Vaults.
 31120 | Vaults:1 | Entered Level 1 of the Vaults
 31335 | Vaults:1 | Reached skill level 5 in Spellcasting
 31911 | Vaults:1 | Reached skill level 17 in Shapeshifting
 31970 | Vaults:1 | Reached skill level 10 in Dodging
 32018 | Vaults:1 | Noticed Zenata
 32342 | Vaults:1 | Reached skill level 15 in Unarmed Combat
 32362 | Vaults:1 | Bought a wand of light (4) for 285 gold pieces
 32459 | Vaults:1 | Killed Zenata
 32717 | Vaults:1 | Reached XP level 19. HP: 184/184 MP: 23/30
 33075 | Vaults:2 | Reached skill level 15 in Fighting
 33595 | Vaults:2 | Identified the +9 war axe of the Changing Gods {heavy,
                  | Str+3}
 34835 | Vaults:3 | Got The Last Record of the High Council
 35429 | Vaults:3 | Reached skill level 10 in Spellcasting
 35601 | Vaults:3 | Found a runed translucent gate.
 35601 | Vaults:3 | Found a runed translucent gate.
 35601 | Vaults:3 | Found a runed translucent gate.
 35752 | Vaults:3 | Found a portal to a secret trove of treasure.
 35869 | Vaults:3 | Reached XP level 20. HP: 196/196 MP: 26/34
 35960 | Vaults:3 | Found a staircase to the Crypt.
 36328 | Vaults:3 | Identified the +1 robe of Wisdom {*Slow +Inv rF++ Dex+8}
 36329 | Vaults:3 | Identified the +5 broad axe of the Shimmering Hero {holy,
                  | rC- rN+++ Str+4}
 36330 | Vaults:3 | Noticed Qotsoore's ghost (adept DsFi)
 36332 | Vaults:3 | Found an iron altar of Okawaru.
 36503 | Vaults:3 | Killed Qotsoore's ghost
 37315 | Vaults:4 | Reached skill level 18 in Shapeshifting
 37559 | Vaults:4 | Found Qital's Magic Scroll Emporium.
 37620 | Vaults:4 | Found Syczeh's Antique Armour Emporium.
 37624 | Vaults:4 | Found Piso's Magic Scroll Emporium.
 37662 | Vaults:4 | Bought a scroll of blinking for 135 gold pieces
 37662 | Vaults:4 | Bought a scroll of revelation for 135 gold pieces
 37662 | Vaults:4 | Bought a scroll of fear for 72 gold pieces
 37676 | Vaults:4 | Bought a scroll of fear for 68 gold pieces
 37676 | Vaults:4 | Bought a scroll of summoning for 161 gold pieces
 37926 | Vaults:4 | Learned a level 4 spell: Iskenderun's Mystic Blast
 37930 | Vaults:5 | Entered Level 5 of the Vaults
 38110 | Vaults:5 | Noticed a dread lich
 38158 | Vaults:5 | Got a silver rune of Zot
 38219 | Vaults:5 | Identified the +0 hat of Lightning Storm {-Tele rF+ MP+9
                  | Slay+2}
 38261 | Vaults:5 | Identified the amulet "Vagut" {Spirit rPois Dex-3 Slay+6
                  | SInv}
 38277 | Vaults:5 | Noticed Bai Suzhen
 38312 | Vaults:5 | Identified the ring "Counn" {rF+ rN+ Str+3 SInv}
 38320 | Vaults:5 | Noticed an ancient lich
 38321 | Vaults:5 | Reached XP level 21. HP: 206/206 MP: 35/35
 38324 | Vaults:5 | Noticed Sojobo
 38332 | Vaults:5 | Killed Sojobo
 38408 | Vaults:5 | Identified the +10 short sword of the Genius {flame, rCorr
                  | Int-3 Dex+4}
 38418 | Vaults:5 | Noticed a golden dragon
 38424 | Vaults:5 | Killed a golden dragon
 38618 | Vaults:5 | Killed an ancient lich
 38666 | Vaults:5 | Identified the staff "Jelly's Curse" {rC+ Will+ Dex+5
                  | Earth}
 38859 | Vaults:5 | Identified the amulet "Ledosm" {RegenMP Str-5 Dex+4}
 38937 | Vaults:5 | Identified the +1 pair of gloves of the Villain {rElec rF+}
 39263 | Vaults:5 | Noticed Boris
 39273 | Vaults:5 | Killed Boris
 39484 | Vaults:5 | Killed Bai Suzhen
 39993 | D:14     | Found Vam Mah's Antique Armour Shoppe.
 40445 | D:15     | Entered Level 15 of the Dungeon
 40445 | D:15     | Found a staircase to the Depths.
 40692 | D:15     | Found Bahene's General Store.
 40697 | D:15     | Bought a potion of might for 72 gold pieces
 40697 | D:15     | Bought a potion of cancellation for 144 gold pieces
 40700 | D:15     | Bought a phantom mirror for 720 gold pieces
 41464 | Depths:1 | Entered Level 1 of the Depths
 42219 | Depths:1 | Noticed a caustic shrike
 42219 | Depths:1 | Noticed a caustic shrike
 42219 | Depths:1 | Noticed a caustic shrike
 42219 | Depths:1 | Noticed a caustic shrike
 42229 | Depths:1 | Killed a caustic shrike
 42230 | Depths:1 | Noticed a caustic shrike
 42233 | Depths:1 | Killed a caustic shrike
 42238 | Depths:1 | Killed a caustic shrike
 42244 | Depths:1 | Killed a caustic shrike
 42268 | Depths:1 | Killed a caustic shrike
 42861 | Depths:1 | Found a gateway to Hell.
 43122 | Depths:1 | Reached XP level 22. HP: 136/219 MP: 29/36
 43542 | Depths:2 | Reached skill level 19 in Shapeshifting
 43549 | Depths:2 | Learned a level 1 spell: Apportation
 43660 | Depths:2 | Reached skill level 1 in Translocations
 43681 | Depths:2 | Found a one-way gate leading to the halls of Pandemonium.
 43969 | Depths:2 | Noticed Vv
 44200 | Depths:3 | Identified the +8 lajatang of Calamity {drain, Int+4}
 44577 | Depths:2 | Killed Vv
 44921 | Depths:2 | Noticed a juggernaut
 44934 | Depths:2 | Killed a juggernaut
 45016 | Depths:2 | Noticed Aizul
 45022 | Depths:2 | Killed Aizul
 45024 | Depths:2 | Noticed Mara
 45028 | Depths:2 | Noticed jt's illusion
 45062 | Depths:2 | Killed Mara
 45172 | Depths:2 | Reached skill level 5 in Translocations
 45529 | Depths:2 | Identified the +0 helmet of the Moon {Harm rElec rF+ rN+}
 45704 | Depths:2 | Reached XP level 23. HP: 230/230 MP: 37/37
 45870 | Depths:1 | Identified the +7 quarterstaff "Qiterchijixo" {freeze, rC+
                  | Will- rCorr}
 46463 | Depths:3 | Noticed Boris
 46476 | Depths:3 | Killed Boris
 46481 | Depths:3 | Noticed an ancient lich
 46491 | Depths:3 | Killed an ancient lich
 47111 | Depths:3 | Found the +6 Majin-Bo {spellvamp, MP+6 Int+6}
 47124 | Depths:3 | Learned a level 4 spell: Manifold Assault
 47129 | Depths:3 | Learned a level 4 spell: Passage of Golubria
 47254 | Depths:4 | Entered Level 4 of the Depths
 47254 | Depths:4 | Found a one-way gateway to a ziggurat.
 47446 | Depths:4 | Reached skill level 1 in Conjurations
 47532 | Depths:4 | Noticed a golden dragon
 47624 | Depths:4 | Reached skill level 5 in Transmutations
 47631 | Depths:4 | Killed a golden dragon
 47697 | Depths:4 | Noticed a golden dragon
 47789 | Depths:3 | Killed a golden dragon
 47874 | Depths:4 | Noticed a golden dragon
 47895 | Depths:4 | Killed a golden dragon
 48194 | Depths:4 | Found a gate to the Realm of Zot.
 48374 | Depths:4 | Found a stormy altar of Qazlal.
 48573 | Zot:1    | Entered Level 1 of the Realm of Zot
 48611 | Zot:1    | Identified the ring "Upnez" {Ice rN+ Dex+2 Stlth+}
 48611 | Zot:1    | Noticed Josephina
 48619 | Zot:1    | Killed Josephina
 48731 | Zot:1    | Noticed a golden dragon
 48749 | Zot:1    | Killed a golden dragon
 49111 | Zot:2    | Noticed a golden dragon
 49112 | Zot:2    | Noticed a golden dragon
 49132 | Zot:2    | Killed a golden dragon
 49135 | Zot:2    | Killed a golden dragon
 49319 | Zot:2    | Found a runed translucent gate.
 49319 | Zot:2    | Found a runed translucent gate.
 49319 | Zot:2    | Found a runed translucent gate.
 49324 | Zot:2    | Noticed runemage's ghost (legendary GnFi)
 49354 | Zot:3    | Noticed a curse toe
 49362 | Zot:3    | Killed a curse toe
 49382 | Zot:3    | Reached skill level 5 in Evocations
 49489 | Zot:3    | Noticed an orb of fire
 49505 | Zot:3    | Killed an orb of fire
 49506 | Zot:3    | Reached XP level 24. HP: 241/241 MP: 17/37
 50233 | Zot:4    | Reached skill level 5 in Conjurations
 50526 | Zot:3    | Reached skill level 20 in Shapeshifting
 50531 | Zot:3    | Reached skill level 5 in Armour
 51079 | Zot:4    | Reached skill level 15 in Dodging
 51629 | Zot:5    | Entered Level 5 of the Realm of Zot
 52020 | Zot:5    | Noticed a dread lich
 52037 | Zot:5    | Noticed an ancient lich
 52037 | Zot:5    | Noticed a dread lich
 52041 | Zot:5    | Noticed a Killer Klown
 52042 | Zot:5    | Killed a dread lich
 52044 | Zot:5    | Killed an ancient lich
 52049 | Zot:5    | Noticed a dread lich
 52051 | Zot:5    | Noticed an orb of fire
 52054 | Zot:5    | Noticed a Killer Klown
 52056 | Zot:5    | Killed a dread lich
 52059 | Zot:5    | Noticed a dread lich
 52136 | Zot:5    | Killed a Killer Klown
 52208 | Zot:5    | Noticed an orb of fire
 52211 | Zot:5    | Got the Orb of Zot
 52225 | Zot:5    | Killed a dread lich
 52226 | Zot:5    | Noticed Xeoplais the pandemonium lord
 52226 | Zot:5    | Killed a Killer Klown
 52230 | Zot:5    | Killed a dread lich
 52232 | Zot:5    | Killed an ancient lich
 52240 | Zot:5    | Killed an orb of fire
 52243 | Zot:5    | Killed Xeoplais the pandemonium lord
 52266 | Zot:5    | Killed a Killer Klown
 52327 | Zot:4    | Noticed Zilirynt the pandemonium lord
 52330 | Zot:4    | Killed Zilirynt the pandemonium lord
 52360 | Zot:4    | Reached XP level 25. HP: 249/249 MP: 37/37
 52486 | Zot:3    | Noticed Qaumocuf the pandemonium lord
 52593 | Depths:2 | Gained mutation: You sometimes lose your temper in combat.
                  | [a cacodemon]
 52595 | Depths:2 | Gained mutation: You are frail. (-10% HP) [a cacodemon]
 52598 | Depths:2 | Lost mutation: You sometimes lose your temper in combat.
                  | [potion of mutation]
 52598 | Depths:2 | Lost mutation: You are frail. (-10% HP) [potion of
                  | mutation]
 52598 | Depths:2 | Gained mutation: You sometimes lose your temper in combat.
                  | [potion of mutation]
 52598 | Depths:2 | Gained mutation: You have a pair of small antennae on your
                  | head. [potion of mutation]
 52690 | Depths:2 | Noticed Narphiem the pandemonium lord
 52754 | D:14     | Noticed Idyl the pandemonium lord
 52886 | D:13     | Reached skill level 10 in Translocations
 53010 | D:7      | Killed Duvessa
 53012 | D:7      | Killed Dowan
 53055 | D:4      | Noticed Wazaebu the pandemonium lord
 53144 | D:$      | Escaped with the Orb!

Illustrated notes

Levels and vault maps discovered:
D:1:      minmay_arrival_solitary_statue, layout_loops_corners,
          nrook_mini_vaults
D:2:      layout_loops_ring
D:3:      layout_loops_ring
D:4:      layout_cave_pools, nicolae_qazlal_beasts_of_the_sky
D:5:      layout_basic, mainiacjoe_overflow_tiny_flanked, temple_pool_b,
          gup_sewer_entry_spiral, wad_floor_pattern_2, nrook_campfire,
          kennysheep_donut, nicolae_elevator_lobby_asterisk, uniq_menkaure
D:6:      layout_loops_corners, lightli_temple_of_fire,
          grunt_nemelex_the_gamble, evilmike_ruin_ashenzari
D:7:      layout_basic, uniq_duvessa
D:8:      layout_gridville, due_lair_maze_entry_diamond,
          gammafunk_ghost_abyssal_escape, serial_shops,
          nicolae_shop_just_a_little_nook, dk_rats_in_the_wall
D:9:      layout_rooms, nicolae_sif_muna_condensation, serial_shops, shop,
          nicolae_shop_behind_doors, shop, shop,
          gammafunk_ghost_wrathful_warriors
D:10:     layout_gridville, zin_academy, mainiacjoe_overflow_24_doors,
          orc_0_dummy, serial_shops, shop, grunt_ministairs_3, uniq_fannar
D:11:     layout_loops_cross, serial_shops, shop, nicolae_shop_rolled_up,
          shop_fountains, nicolae_uskayaw_dance_hall
D:12:     layout_rooms, serial_shops, nicolae_shop_real_fake_doors, shop,
          nicolae_shop_behind_doors, shop_fountains, gauntlet_entry_generic,
          uniq_erolcha
D:13:     layout_roguey, lightli_vaults_fourway_checkpoint, serial_shops,
          nicolae_shop_overgrown_old_shop, nicolae_shop_self_help, uniq_snorg,
          uniq_maurice, uniq_frances
D:14:     layout_gridville, hellmonk_bongcloud_opening, serial_shops, shop
D:15:     gammafunk_depths_entry_grave, layout_loops_ring, minivault_19,
          serial_shops, nicolae_shop_competitors_out_of_business
Temple:   zaba_magenta_temple
Lair:1:   layout_misc_corridors, hibernation_bobbens, serial_bayou_shore_b
Lair:2:   layout_small_grid, minmay_swamp_entry_eels, st_stairs_9,
          serial_bayou_shore_a, uniq_urug
Lair:3:   wad_woods_pond, layout_regular_city, spider_nest_entry_web_field
Lair:4:   cheibrodos_lair_river_kwai, layout_cave_pods, slime_entry_1,
          st_stairs_3, grunt_forest_large_clearing_hut
Lair:5:   gammafunk_lair_ancient_temple, layout_gridlike, minmay_hedge_maze
Swamp:1:  layout_falls_marsh, gammafunk_ghost_cemetery, nicolae_swamp_big_swirl
Swamp:2:  layout_basic_swamp, evilmike_swamp_ruin_house_1, swamp_pool1,
          infiniplex_staircase_pool_2
Swamp:3:  layout_falls_marsh, hangedman_swamp_ruin_wall
Swamp:4:  swamp_alternative, layout_basic_swamp, uniq_louise
Spider:1: layout_spider_delve
Spider:2: layout_cave_pods, drop_trap, hellmonk_test_site, uniq_donald
Spider:3: layout_spider_delve, hellmonk_narrow_tunnel,
          hangedman_spider_tarantella_strand, uniq_mlioglotl
Spider:4: grunt_spider_rune_circles, uniq_arachne, uniq_nikola, uniq_agnes
Orc:1:    layout_diamond_mine, basic_altar, trog_butcher_becter
Orc:2:    st_orc_mages, layout_diamond_mine, nicolae_volcano_entry_vermiform,
          basic_altar, roderic_batcave
Vaults:1: ontoclasm_vaults_misaligned, hangedman_vaults_locks, v_misc_26,
          nicolae_vaults_what_the_h, nicolae_vaults_network_star,
          ontoclasm_vaults_bender, nicolae_vaults_three_branches,
          nicolae_vaults_specimen_jars, layout_vaults_big_cross, uniq_zenata
Vaults:2: hangedman_vaults_slice, v_misc_2, hangedman_vaults_cutoff,
          nicolae_vaults_apartment_1, nicolae_vaults_lightning_bolt,
          nicolae_vaults_more_shelving_2, nicolae_vaults_closet_pinwheel_1,
          nicolae_vaults_offset_grid_hallway_1, vaults_room_corners,
          grunt_vaults_focal, layout_vaults_chaotic_city
Vaults:3: gammafunk_ghost_fury_of_okawaru, hangedman_vaults_trim,
          vaults_room_ringed_pool, nicolae_vaults_little_squares_2, v_rooms_4,
          vaults_mumra_minichess_inversion, vaults_room_pools,
          nicolae_vaults_mini_display_case, nicolae_vaults_house_1,
          minmay_crypt_entry_simple_corners, vaults_dpeg_diagonal,
          vaults_dpeg_hooks, layout_vaults_quadrants,
          nicolae_trove_entry_path_of_doom
Vaults:4: hangedman_vaults_hard_town_square, nicolae_vaults_double_plus_3,
          nicolae_vaults_house_3, v_misc_11, vaults_dpeg_ring, v_alt_pattern_4,
          nicolae_vaults_network_periphery, v_misc_30, ontoclasm_vaults_fault,
          dpeg_vaults_monster_row, v_misc_26, nicolae_vaults_oval_intersection,
          nicolae_vaults_storage_room_statues, layout_vaults_omnibox
Vaults:5: serial_shops, uniq_boris, uniq_bai_suzhen, uniq_sojobo
Depths:1: layout_basic, skrybe_limestone_x, hellmouth_1, nicolae_sextant,
          firewood_loft
Depths:2: nzn_winding_woodlands_cross [nzn_winding_woodlands_5x15_jagged,
          nzn_winding_woodlands_5x15_split_checker,
          nzn_winding_woodlands_5x15_garden, nzn_winding_woodlands_5x15_default,
          nzn_winding_woodlands_15x15_killbox], layout_honeycomb,
          wad_floor_pattern_1, pan_entry, abyss_entry_small_statue_room,
          grunt_hell_entry_dis_grunt, minmay_holes, kennysheep_four_rooms,
          uniq_mara, uniq_vv, uniq_aizul
Depths:3: minmay_guarded_unrand_majin_bo, layout_honeycomb,
          nicolae_concentric_dashed_squares_mild, hangedman_coc_ice_floe,
          abyss_entry, rand_demon_pan_entry_5, beargit_elvish_explorers
Depths:4: grunt_zot_entry_alcove, layout_cave_pools, enter_ziggurat_b,
          grunt_mini_vestibule, minmay_misc_feat_plants, grunt_qazlal_sundering
Zot:1:    layout_gridlike, grunt_megastairs_4, uniq_tiamat, uniq_josephina
Zot:2:    layout_cathedral_of_symmetry, ebering_ghost_rock_garden
Zot:3:    layout_basic
Zot:4:    layout_cathedral_of_symmetry
Zot:5:    layout_basic, nicolae_lava_and_water

Skill      XL: |  1  2  3  4  5  6  7  8  9 10 11 12 13 14 15 16 17 18 19 20 21 22 23 24 25 |
---------------+----------------------------------------------------------------------------+-----
Stealth        | 2 4 |  4.0
Fighting       | 2 3 4 5 6 7 8 10 11 12 13 14 15 16 17 18 19 | 19.5
Dodging        | 2 3 5 6 8 9 10 11 12 13 14 15 | 15.1
Unarmed Combat | 4 5 6 7 8 9 10 11 12 13 14 15 16 17 18 19 | 19.7
Shapeshifting  | 4 5 6 9 10 11 12 15 16 17 18 19 20 | 20.7
Armour         | 2 4 5 |  5.0
Evocations     | 2 5 |  5.0
Poison Magic   | 4 8 10 | 10.0
Spellcasting   | 2 3 7 10 | 10.0
Air Magic      | 1 |  1.0
Transmutations | 4 5 |  5.0
Shields        | 8 |  8.0
Translocations | 5 6 9 10 | 10.0
Conjurations   | 3 5 |  5.8

Action                     |  1- 3 |  4- 6 |  7- 9 | 10-12 | 13-15 | 16-18 | 19-21 | 22-24 | 25-27 || total
---------------------------+-------+-------+-------+-------+-------+-------+-------+-------+-------++-------
  Melee: Unarmed           |    47 |    84 |   201 |   497 |   807 |   697 |   802 |   916 |    80 ||  4131
         Punch             |     1 |     2 |     6 |    30 |    74 |    25 |       |       |    13 ||   151
         Constrict         |       |       |       |       |   184 |   146 |   144 |   102 |     2 ||   578
         Pair of quick bla |       |       |       |       |       |    20 |       |       |       ||    20
   Fire: Sling             |       |       |     3 |       |       |       |       |       |       ||     3
         Hand crossbow     |       |       |       |       |       |       |    44 |       |       ||    44
  Throw: Dart              |       |       |     8 |       |       |       |       |       |       ||     8
   Cast: Poisonous Vapours |       |       |       |       |     6 |       |    10 |       |       ||    16
         Olgreb's Toxic Ra |       |       |       |       |    26 |   115 |    77 |   100 |     2 ||   320
         Wereblood         |       |       |       |       |     1 |    13 |    17 |    16 |       ||    47
         Manifold Assault  |       |       |       |       |       |       |       |    47 |     4 ||    51
         Apportation       |       |       |       |       |       |       |       |     2 |       ||     2
 Invoke: Potion Petition   |       |       |       |       |     1 |     1 |     1 |       |       ||     3
         Call Merchant     |       |       |       |       |       |     1 |       |       |       ||     1
         Bribe Branch      |       |       |       |       |       |       |     1 |     2 |       ||     3
Ability: Spit Poison       |    32 |    42 |    39 |    55 |    73 |    47 |    20 |    23 |       ||   331
         Begin Untransform |       |       |       |       |       |     1 |     1 |       |       ||     2
         Blinkbolt         |       |       |       |       |       |       |       |       |     4 ||     4
  Evoke: Wand              |       |       |       |     2 |     3 |    11 |     1 |    14 |       ||    31
         Lightning rod     |       |       |       |       |       |     2 |     6 |     4 |       ||    12
         Phantom mirror    |       |       |       |       |       |       |       |     2 |       ||     2
    Use: Scroll            |       |     4 |    10 |     5 |     9 |     4 |     2 |     6 |     3 ||    43
         Potion            |       |     2 |     9 |     4 |     2 |     2 |     4 |     3 |     6 ||    32
   Stab: Sleeping          |       |       |     6 |       |     7 |     4 |     7 |     3 |       ||    27
         Distracted        |       |       |       |     2 |     9 |     3 |    11 |    12 |       ||    37
         Invisible         |       |       |       |       |     1 |     1 |       |       |       ||     2
         Paralysed         |       |       |       |       |       |       |     9 |       |       ||     9
 Armour: Animal skin       |     4 |    10 |    28 |    21 |       |       |       |       |       ||    63
         Skin              |       |     2 |    12 |       |   252 |   678 |   601 |   618 |     7 ||  2170
         Robe              |       |       |       |   108 |   197 |       |       |       |       ||   305
  Dodge: Dodged            |    19 |    46 |    85 |   242 |   502 |   502 |   528 |   563 |    71 ||  2558
  Block: Other             |       |       |       |       |   160 |    73 |       |       |    15 ||   248
         Reflection        |       |       |       |       |     2 |    20 |    37 |     6 |       ||    65
         Buckler           |       |       |       |       |       |   389 |   581 |   496 |     1 ||  1467
   Form: Blade             |       |       |       |     1 |       |       |       |       |       ||     1
         Statue            |       |       |       |       |     1 |     1 |     1 |       |       ||     3
         Storm             |       |       |       |       |       |       |       |       |     1 ||     1

Table legend: (Time is in decaauts)
 A = Elapsed time spent in this place.
 B = Non-inter-level travel time spent in this place.
 C = Inter-level travel time spent in this place.
 D = Time resting spent in this place.
 E = Time spent auto-exploring this place.
 F = Levels seen in this place.
 G = Mean time per level.
                   A        B        C        D        E       F      G
               +--------+--------+--------+--------+--------+-----+--------+
         Total |  72484 |  66353 |   6131 |  13610 |  29206 |  48 | 1510.1 |
       Dungeon |  19853 |  18093 |   1760 |   3368 |   9610 |  15 | 1323.5 |
        Temple |     47 |      3 |     44 |      0 |      0 |   1 |   47.0 |
          Lair |   9180 |   8290 |    890 |   1387 |   3723 |   5 | 1836.0 |
         Swamp |   4485 |   4170 |    315 |    934 |   2080 |   4 | 1121.2 |
   Spider Nest |   5311 |   4968 |    343 |   1268 |   1578 |   4 | 1327.8 |
  Orcish Mines |   3188 |   2887 |    301 |    639 |   1009 |   2 | 1594.0 |
        Vaults |  12981 |  11959 |   1022 |   2308 |   5719 |   5 | 2596.2 |
        Depths |  10596 |   9622 |    974 |   2254 |   4095 |   4 | 2649.0 |
           Zot |   5671 |   5193 |    478 |   1077 |   1389 |   5 | 1134.2 |
         Sewer |    323 |    323 |      0 |    192 |      1 |   1 |  323.0 |
       Volcano |    314 |    314 |      0 |    102 |      0 |   1 |  314.0 |
      Gauntlet |    529 |    529 |      0 |     79 |      0 |   1 |  529.0 |
               +--------+--------+--------+--------+--------+-----+--------+

Top non-repeatable levels by time:
Depths:3: 3495 daAuts
Depths:1: 3371 daAuts
Vaults:1: 3296 daAuts
Vaults:3: 2984 daAuts
Depths:2: 2559 daAuts
Vaults:5: 2412 daAuts
Vaults:2: 2292 daAuts
   Orc:2: 2191 daAuts
    D:10: 2140 daAuts
   Zot:4: 2131 daAuts
Spider:3: 2120 daAuts
  Lair:4: 2110 daAuts
Vaults:4: 1995 daAuts
     D:8: 1978 daAuts
     D:6: 1942 daAuts
